Map: [ESL] Curious Minds

Players

Lambo

  • Race: Zerg Zerg

Trap - Winner!

  • Race: Protoss Protoss

Event: IEM Katowice 2022

VOD

Have the link to the VOD?

Description

Time

  • Played on: Feb. 25, 2022, 9 a.m.
  • Length: 9:16

All games in this series

Show
View Real Time Build Order
Export as new Build Order

Lambo Zerg 

Build Orders: Hatch First 

Get SALT Encoding   

  12  0:00  Drone  
  13  0:14  Overlord  
  13  0:17  Drone  
  14  0:32  Drone x2  
  16  0:35  Drone  
  17  0:51  Hatchery  
  17  0:54  Drone  
  17  0:57  Drone  
  18  1:08  Extractor  
  17  1:12  Spawning Pool  
  17  1:17  Drone  
  17  1:19  Drone  
  18  1:29  Drone  
  19  1:43  Drone  
  20  1:51  Overlord  
  20  1:59  Queen  
  22  2:05  Queen  
  22  2:06  Drone, Zergling x2  
  26  2:13  Metabolic Boost, Zergling x2  
  26  2:14  Drone  
  28  2:23  Drone  
  28  2:25  Drone  
  30  2:34  Hatchery  
  30  2:36  Drone  
  30  2:39  Drone  
  31  2:46  Overlord  
  31  2:47  Drone  
  32  2:55  Spore Crawler  
  32  2:58  Queen  
  34  2:59  Drone  
  34  3:02  Drone  
  36  3:07  Queen  
  36  3:09  Overlord  
  36  3:12  Drone  
  39  3:13  Drone  
  39  3:15  Drone  
  39  3:17  Drone  
  39  3:19  Drone  
  43  3:22  Overlord  
  43  3:26  Drone  
  44  3:29  Drone x2  
  46  3:34  Drone  
  46  3:40  Queen  
  49  3:47  Drone  
  49  3:48  Spore Crawler, Queen, Zergling x4  
  52  3:50  Zergling x2  
  52  3:52  Zergling x2  
  52  3:55  Drone  
  56  4:00  Overlord  
  56  4:01  Drone  
  57  4:07  Drone  
  57  4:08  Overlord  
  58  4:10  Overlord  
  58  4:13  Overlord  
  58  4:15  Overlord  
  58  4:19  Drone x5  
  58  4:23  Zergling x2  
  63  4:27  Drone  
  63  4:29  Drone  
  65  4:31  Queen  
  65  4:32  Drone  
  65  4:35  Roach Warren  
  65  4:37  Drone  
  68  4:40  Drone x2  
  68  4:41  Extractor x2  
  68  4:44  Drone  
  69  4:48  Drone  
  69  4:49  Spore Crawler x2  
  69  4:52  Drone  
  69  4:54  Drone  
  70  5:00  Drone, Overlord  
  71  5:09  Zergling x2  
  71  5:10  Zergling x6  
  73  5:17  Roach x8  
  73  5:20  Roach  
  91  5:25  Zergling x8  
  95  5:29  Overlord  
  93  5:36  Zergling x8  
  94  5:43  Ravager x2  
  94  5:45  Zergling x12, Ravager  
  94  5:46  Ravager  
  94  5:49  Queen  
  103  5:50  Overlord  
  103  5:54  Zergling x10  
  110  5:58  Ravager  
  110  6:03  Zergling x2  
  112  6:05  Zergling x4  
  112  6:06  Ravager  
  113  6:12  Zergling x8  
  113  6:17  Zergling x2  
  110  6:20  Zergling x2  
  110  6:22  Ravager  
  110  6:24  Zergling x2  
  107  6:27  Zergling x2  
  107  6:28  Zergling x2  
  107  6:29  Queen x2  
  107  6:30  Queen  
  108  6:34  Zergling x2  
  108  6:38  Zergling x4  
  96  6:45  Zergling x2  
  93  6:49  Zergling x4  
  91  6:58  Zergling x2  
  89  7:02  Zergling x4  
  89  7:04  Hatchery  
  89  7:05  Queen x2  
  89  7:07  Zergling x2  
  90  7:10  Queen, Zergling x2  
  90  7:13  Drone  
  86  7:18  Roach  
  86  7:20  Drone  
  86  7:24  Roach  
  86  7:29  Roach  
  90  7:32  Roach x2  
  92  7:38  Roach  
  92  7:39  Ravager  
  92  7:40  Queen x2  
  99  7:46  Queen, Zergling x2  
  100  7:51  Zergling x2  
  100  7:53  Zergling x20  
  100  7:54  Ravager x4  
  113  8:03  Ravager  
  113  8:05  Overlord x3  
  115  8:12  Overlord  
  114  8:13  Overlord  
  114  8:15  Hatchery  
  114  8:17  Overlord  
  113  8:20  Overlord  
  113  8:23  Queen x3  
  113  8:25  Overlord  
  119  8:30  Zergling x10  
  119  8:33  Roach  
  126  8:35  Zergling x4  
  114  8:48  Zergling x8  
  114  8:49  Zergling x4  
  114  8:54  Zergling x4  
  121  8:58  Zergling x8  
Show
View Real Time Build Order
Export as new Build Order

Trap Protoss - Winner!

Build Orders: 1 Gate Expand, Oracle Opening 

Get SALT Encoding   

  12  0:00  Probe  
  13  0:13  Pylon  
  13  0:18  Probe (Chrono Boost)  
  14  0:27  Probe (Chrono Boost)  
  15  0:32  Probe (Chrono Boost)  
  16  0:41  Gateway  
  16  0:44  Probe  
  17  0:50  Assimilator  
  17  0:56  Probe  
  18  1:08  Probe  
  19  1:20  Probe  
  19  1:25  Nexus  
  20  1:36  Cybernetics Core  
  20  1:38  Probe  
  21  1:45  Assimilator  
  21  1:51  Probe  
  21  1:53  Pylon  
  22  2:03  Probe (Chrono Boost)  
  23  2:10  Adept (Chrono Boost)  
  23  2:15  Probe (Chrono Boost)  
  26  2:18  Stargate  
  27  2:22  Probe (Chrono Boost)  
  27  2:27  Warp Gate  
  27  2:31  Probe (Chrono Boost)  
  27  2:34  Adept  
  30  2:37  Probe (Chrono Boost)  
  32  2:46  Probe x2 (Chrono Boost)  
  33  2:53  Probe  
  33  2:54  Void Ray (Chrono Boost)  
  33  2:56  Probe  
  39  3:05  Probe  
  39  3:09  Probe  
  39  3:12  Pylon  
  41  3:15  Gateway  
  41  3:17  Probe  
  42  3:21  Probe  
  43  3:28  Oracle (Chrono Boost)  
  43  3:30  Probe  
  43  3:33  Probe  
  48  3:43  Pylon  
  48  3:44  Probe  
  48  3:45  Probe  
  50  3:53  Nexus  
  50  3:57  Probe  
  50  3:58  Probe  
  52  4:03  Assimilator x2  
  52  4:09  Probe  
  53  4:10  Probe  
  53  4:15  Stargate  
  53  4:16  Zealot  
  56  4:21  Probe  
  56  4:22  Probe  
  58  4:28  Protoss Air Weapons Level 1  
  58  4:29  Void Ray  
  58  4:30  Pylon  
  58  4:33  Forge  
  62  4:48  Pylon, Probe x2  
  64  4:52  Shield Battery  
  64  4:54  Void Ray  
  64  4:55  Pylon  
  64  5:00  Probe x2 (Chrono Boost)  
  64  5:06  Void Ray  
  70  5:07  Probe (Chrono Boost)  
  70  5:12  Probe (Chrono Boost)  
  77  5:15  Probe (Chrono Boost)  
  77  5:16  Probe (Chrono Boost)  
  77  5:18  Robotics Facility, Probe (Chrono Boost)  
  77  5:20  Probe (Chrono Boost)  
  80  5:21  Probe (Chrono Boost)  
  80  5:26  Probe  
  81  5:29  Probe  
  81  5:33  Photon Cannon, Probe  
  83  5:37  Photon Cannon  
  83  5:40  Photon Cannon  
  83  5:42  Photon Cannon, Void Ray (Chrono Boost)  
  79  5:45  Shield Battery  
  79  5:47  Void Ray (Chrono Boost)  
  87  5:59  Shield Battery  
  87  6:00  Pylon  
  87  6:05  Shield Battery  
  87  6:06  Sentry x2  
  87  6:07  Pylon  
  91  6:13  Void Ray  
  91  6:23  Gateway  
  95  6:26  Gateway  
  95  6:27  Shield Battery  
  95  6:28  Shield Battery  
  95  6:29  Zealot x2  
  99  6:37  Shield Battery  
  95  6:40  Shield Battery  
  95  6:41  Shield Battery, Probe x2  
  95  6:42  Probe  
  95  6:44  Void Ray  
  93  6:47  Pylon  
  85  6:54  Zealot x2  
  83  7:07  Void Ray  
  80  7:10  Probe x3  
  78  7:21  Void Ray  
  78  7:22  Zealot  
  78  7:25  Robotics Bay, Probe x3 (Chrono Boost)  
  87  7:37  Probe x3 (Chrono Boost)  
  90  7:43  Probe (Chrono Boost)  
  91  7:44  Void Ray  
  91  7:45  Pylon  
  91  7:51  Probe  
  93  7:56  Photon Cannon  
  93  7:57  Photon Cannon  
  93  7:58  Void Ray  
  92  8:00  Photon Cannon  
  92  8:03  Shield Battery  
  92  8:04  Zealot x2  
  100  8:10  Probe x2, Disruptor (Chrono Boost)  
  100  8:11  Probe  
  103  8:16  Assimilator  
  103  8:17  Assimilator  
  106  8:28  Pylon, Zealot  
  106  8:29  Zealot x3  
  106  8:33  Pylon  
  114  8:36  Disruptor (Chrono Boost)  
  117  9:02  Stalker x2  
  117  9:03  Stalker  

Tags
 
Add a new tag
Caveats
  • Supply blocks, unpowered buildings, or Contaminate may cause inaccurate times.
  • Supply counts are checked every 10 seconds.